Workbook

Sheet Fichier Intégration Offre
A2: Données obligatoires | O2: Données optionnelles | U2: Données obligatoires si mécanique commerciale
A3: Votre référence | B3: EAN | C3: Sous état du produit | D3: Stock | E3: Prix (€)(TTC) | F3: TVA (%) | G3: Eco Part(€) | H3: Délai livraison min (nb de jour) | I3: Délai livraison max (nb de jour) | J3: Frais de livraison mode "Normal" (€)(TTC) | K3: Frais de livraison mode "Suivi" (€)(TTC) | L3: Frais de livraison mode "Recommandé" (€)(TTC) | M3: visibilité | N3: statut | O3: Commentaire offre | P3: Frais de livraison additionnel mode "Normal" (€)(TTC) | Q3: Frais de livraison additionnel mode "Suivi" (€)(TTC) | R3: Frais de livraison additionnel mode "Recommandé" (€)(TTC) | S3: Prix de référence (€) TTC | T3: Mécanique commerciale | U3: Date de début (jj/mm/aaaa) | V3: Heure de début (hh:mm) | W3: Date de fin (jj/mm/aaaa) | X3: Heure de fin (hh:mm) | Y3: Remise (%) | Z3: Prix de référence J-30 Soldes
A4: 0170BATV | B4: 3480940164616 | C4: Neuf - Neuf | D4: 100 | E4: =VLOOKUP(A4,Feuil2!$1:$1048576,3,FALSE) -> 289.9900 | F4: 19.6 | G4: 0 | H4: =VLOOKUP(A4,Feuil2!$1:$1048576,4,FALSE) -> 15 | I4: =VLOOKUP(A4,Feuil2!$1:$1048576,5,FALSE) -> 20 | J4: 0 | K4: 0 | L4: 0 | M4: =VLOOKUP(B4,Feuil3!A2:F2264,5) -> 4 | N4: =VLOOKUP(B4,Feuil3!A2:F2264,4) -> 1
A5: 0170ENFI | B5: 3480940164654 | C5: Neuf - Neuf | D5: 100 | E5: =VLOOKUP(A5,Feuil2!$1:$1048576,3,FALSE) -> 429.9900 | F5: 19.6 | G5: 0 | H5: =VLOOKUP(A5,Feuil2!$1:$1048576,4,FALSE) -> 15 | I5: =VLOOKUP(A5,Feuil2!$1:$1048576,5,FALSE) -> 20 | J5: 0 | K5: 0 | L5: 0 | M5: =VLOOKUP(B5,Feuil3!A3:F2264,5) -> 4 | N5: =VLOOKUP(B5,Feuil3!A3:F2264,4) -> 1
A6: 0170TARE | B6: 3480940164623 | C6: Neuf - Neuf | D6: 100 | E6: =VLOOKUP(A6,Feuil2!$1:$1048576,3,FALSE) -> 379.9900 | F6: 19.6 | G6: 0 | H6: =VLOOKUP(A6,Feuil2!$1:$1048576,4,FALSE) -> 15 | I6: =VLOOKUP(A6,Feuil2!$1:$1048576,5,FALSE) -> 20 | J6: 0 | K6: 0 | L6: 0 | M6: =VLOOKUP(B6,Feuil3!A4:F2264,5) -> 4 | N6: =VLOOKUP(B6,Feuil3!A4:F2264,4) -> 1
A7: 0171TARE | B7: 3480940165972 | C7: Neuf - Neuf | D7: 100 | E7: =VLOOKUP(A7,Feuil2!$1:$1048576,3,FALSE) -> 379.9900 | F7: 19.6 | G7: 0 | H7: =VLOOKUP(A7,Feuil2!$1:$1048576,4,FALSE) -> 15 | I7: =VLOOKUP(A7,Feuil2!$1:$1048576,5,FALSE) -> 20 | J7: 0 | K7: 0 | L7: 0 | M7: =VLOOKUP(B7,Feuil3!A5:F2264,5) -> 4 | N7: =VLOOKUP(B7,Feuil3!A5:F2264,4) -> 1
A8: 0180BATV | B8: 3480940174233 | C8: Neuf - Neuf | D8: 100 | E8: =VLOOKUP(A8,Feuil2!$1:$1048576,3,FALSE) -> 299.9900 | F8: 19.6 | G8: 0 | H8: =VLOOKUP(A8,Feuil2!$1:$1048576,4,FALSE) -> 15 | I8: =VLOOKUP(A8,Feuil2!$1:$1048576,5,FALSE) -> 20 | J8: 0 | K8: 0 | L8: 0 | M8: =VLOOKUP(B8,Feuil3!A6:F2264,5) -> 4 | N8: =VLOOKUP(B8,Feuil3!A6:F2264,4) -> 1
A9: 0180ENFI | B9: 3480940174240 | C9: Neuf - Neuf | D9: 100 | E9: =VLOOKUP(A9,Feuil2!$1:$1048576,3,FALSE) -> 319.9900 | F9: 19.6 | G9: 0 | H9: =VLOOKUP(A9,Feuil2!$1:$1048576,4,FALSE) -> 15 | I9: =VLOOKUP(A9,Feuil2!$1:$1048576,5,FALSE) -> 20 | J9: 0 | K9: 0 | L9: 0 | M9: =VLOOKUP(B9,Feuil3!A7:F2264,5) -> 4 | N9: =VLOOKUP(B9,Feuil3!A7:F2264,4) -> 1
A10: 0180TACA | B10: 3480940173489 | C10: Neuf - Neuf | D10: 100 | E10: =VLOOKUP(A10,Feuil2!$1:$1048576,3,FALSE) -> 319.9900 | F10: 19.6 | G10: 0 | H10: =VLOOKUP(A10,Feuil2!$1:$1048576,4,FALSE) -> 15 | I10: =VLOOKUP(A10,Feuil2!$1:$1048576,5,FALSE) -> 20 | J10: 0 | K10: 0 | L10: 0 | M10: =VLOOKUP(B10,Feuil3!A8:F2264,5) -> 4 | N10: =VLOOKUP(B10,Feuil3!A8:F2264,4) -> 1
A11: 0181BA2P | B11: 3480940175377 | C11: Neuf - Neuf | D11: 100 | E11: =VLOOKUP(A11,Feuil2!$1:$1048576,3,FALSE) -> 429.9900 | F11: 19.6 | G11: 0 | H11: =VLOOKUP(A11,Feuil2!$1:$1048576,4,FALSE) -> 15 | I11: =VLOOKUP(A11,Feuil2!$1:$1048576,5,FALSE) -> 20 | J11: 0 | K11: 0 | L11: 0 | M11: =VLOOKUP(B11,Feuil3!A9:F2264,5) -> 4 | N11: =VLOOKUP(B11,Feuil3!A9:F2264,4) -> 1
A12: 0181BATV | B12: 3480940175391 | C12: Neuf - Neuf | D12: 100 | E12: =VLOOKUP(A12,Feuil2!$1:$1048576,3,FALSE) -> 339.9900 | F12: 19.6 | G12: 0 | H12: =VLOOKUP(A12,Feuil2!$1:$1048576,4,FALSE) -> 15 | I12: =VLOOKUP(A12,Feuil2!$1:$1048576,5,FALSE) -> 20 | J12: 0 | K12: 0 | L12: 0 | M12: =VLOOKUP(B12,Feuil3!A10:F2264,5) -> 4 | N12: =VLOOKUP(B12,Feuil3!A10:F2264,4) -> 1
A13: 0181ETAG | B13: 3480940175384 | C13: Neuf - Neuf | D13: 100 | E13: =VLOOKUP(A13,Feuil2!$1:$1048576,3,FALSE) -> 129.9900 | F13: 19.6 | G13: 0 | H13: =VLOOKUP(A13,Feuil2!$1:$1048576,4,FALSE) -> 15 | I13: =VLOOKUP(A13,Feuil2!$1:$1048576,5,FALSE) -> 20 | J13: 0 | K13: 0 | L13: 0 | M13: =VLOOKUP(B13,Feuil3!A11:F2265,5) -> 4 | N13: =VLOOKUP(B13,Feuil3!A11:F2265,4) -> 1
A14: 0181SURM | B14: 3480940175360 | C14: Neuf - Neuf | D14: 100 | E14: =VLOOKUP(A14,Feuil2!$1:$1048576,3,FALSE) -> 179.9900 | F14: 19.6 | G14: 0 | H14: =VLOOKUP(A14,Feuil2!$1:$1048576,4,FALSE) -> 15 | I14: =VLOOKUP(A14,Feuil2!$1:$1048576,5,FALSE) -> 20 | J14: 0 | K14: 0 | L14: 0 | M14: =VLOOKUP(B14,Feuil3!A12:F2266,5) -> 4 | N14: =VLOOKUP(B14,Feuil3!A12:F2266,4) -> 1
A15: 0181TABA | B15: 3480940175407 | C15: Neuf - Neuf | D15: 100 | E15: =VLOOKUP(A15,Feuil2!$1:$1048576,3,FALSE) -> 239.9900 | F15: 19.6 | G15: 0 | H15: =VLOOKUP(A15,Feuil2!$1:$1048576,4,FALSE) -> 15 | I15: =VLOOKUP(A15,Feuil2!$1:$1048576,5,FALSE) -> 20 | J15: 0 | K15: 0 | L15: 0 | M15: =VLOOKUP(B15,Feuil3!A13:F2267,5) -> 4 | N15: =VLOOKUP(B15,Feuil3!A13:F2267,4) -> 1
A16: 0181TARE | B16: 3480940175131 | C16: Neuf - Neuf | D16: 100 | E16: =VLOOKUP(A16,Feuil2!$1:$1048576,3,FALSE) -> 299.9900 | F16: 19.6 | G16: 0 | H16: =VLOOKUP(A16,Feuil2!$1:$1048576,4,FALSE) -> 15 | I16: =VLOOKUP(A16,Feuil2!$1:$1048576,5,FALSE) -> 20 | J16: 0 | K16: 0 | L16: 0 | M16: =VLOOKUP(B16,Feuil3!A14:F2268,5) -> 4 | N16: =VLOOKUP(B16,Feuil3!A14:F2268,4) -> 1
A17: 0206ARGE | B17: 3480940190554 | C17: Neuf - Neuf | D17: 100 | E17: =VLOOKUP(A17,Feuil2!$1:$1048576,3,FALSE) -> 249.9900 | F17: 19.6 | G17: 0 | H17: =VLOOKUP(A17,Feuil2!$1:$1048576,4,FALSE) -> 15 | I17: =VLOOKUP(A17,Feuil2!$1:$1048576,5,FALSE) -> 20 | J17: 0 | K17: 0 | L17: 0 | M17: =VLOOKUP(B17,Feuil3!A15:F2269,5) -> 4 | N17: =VLOOKUP(B17,Feuil3!A15:F2269,4) -> 1
A18: 0264PATV | B18: 3480940193647 | C18: Neuf - Neuf | D18: 100 | E18: =VLOOKUP(A18,Feuil2!$1:$1048576,3,FALSE) -> 389.9900 | F18: 19.6 | G18: 0 | H18: =VLOOKUP(A18,Feuil2!$1:$1048576,4,FALSE) -> 15 | I18: =VLOOKUP(A18,Feuil2!$1:$1048576,5,FALSE) -> 20 | J18: 0 | K18: 0 | L18: 0 | M18: =VLOOKUP(B18,Feuil3!A16:F2270,5) -> 4 | N18: =VLOOKUP(B18,Feuil3!A16:F2270,4) -> 1
A19: NIEL0191100 | B19: 3760151448331 | C19: Neuf - Neuf | D19: 100 | E19: 99.9900 | F19: 19.6 | G19: 0 | H19: =VLOOKUP(A19,Feuil2!$1:$1048576,4,FALSE) -> #N/A | I19: =VLOOKUP(A19,Feuil2!$1:$1048576,5,FALSE) -> #N/A | J19: 0 | K19: 0 | L19: 0 | M19: =VLOOKUP(B19,Feuil3!A17:F2271,5) -> 4 | N19: =VLOOKUP(B19,Feuil3!A17:F2271,4) -> 1
A20: NIEL0192000 | B20: 3760151448348 | C20: Neuf - Neuf | D20: 100 | E20: 99.9900 | F20: 19.6 | G20: 0 | H20: 5 | I20: 10 | J20: 0 | K20: 0 | L20: 0 | M20: =VLOOKUP(B20,Feuil3!A18:F2272,5) -> 4 | N20: =VLOOKUP(B20,Feuil3!A18:F2272,4) -> 1
A21: 088BAGCH | B21: 3480180459985 | C21: Neuf - Neuf | D21: 100 | E21: =VLOOKUP(A21,Feuil2!$1:$1048576,3,FALSE) -> 549.9900 | F21: 19.6 | G21: 0 | H21: =VLOOKUP(A21,Feuil2!$1:$1048576,4,FALSE) -> 5 | I21: =VLOOKUP(A21,Feuil2!$1:$1048576,5,FALSE) -> 10 | J21: 0 | K21: 0 | L21: 0 | M21: =VLOOKUP(B21,Feuil3!A19:F2273,5) -> 4 | N21: =VLOOKUP(B21,Feuil3!A19:F2273,4) -> 1
A22: 088BZAGN | B22: 3480180459992 | C22: Neuf - Neuf | D22: 100 | E22: =VLOOKUP(A22,Feuil2!$1:$1048576,3,FALSE) -> 549.9900 | F22: 19.6 | G22: 0 | H22: =VLOOKUP(A22,Feuil2!$1:$1048576,4,FALSE) -> 5 | I22: =VLOOKUP(A22,Feuil2!$1:$1048576,5,FALSE) -> 10 | J22: 0 | K22: 0 | L22: 0 | M22: =VLOOKUP(B22,Feuil3!A20:F2274,5) -> 4 | N22: =VLOOKUP(B22,Feuil3!A20:F2274,4) -> 1
A23: 1040198 | B23: 3269031166186 | C23: Neuf - Neuf | D23: 100 | E23: =VLOOKUP(A23,Feuil2!$1:$1048576,3,FALSE) -> 729.9900 | F23: 19.6 | G23: 0 | H23: =VLOOKUP(A23,Feuil2!$1:$1048576,4,FALSE) -> 5 | I23: =VLOOKUP(A23,Feuil2!$1:$1048576,5,FALSE) -> 10 | J23: 0 | K23: 0 | L23: 0 | M23: =VLOOKUP(B23,Feuil3!A21:F2275,5) -> 4 | N23: =VLOOKUP(B23,Feuil3!A21:F2275,4) -> 1
A24: 1040199 | B24: 3269031166193 | C24: Neuf - Neuf | D24: 100 | E24: =VLOOKUP(A24,Feuil2!$1:$1048576,3,FALSE) -> 899.9900 | F24: 19.6 | G24: 0 | H24: =VLOOKUP(A24,Feuil2!$1:$1048576,4,FALSE) -> 5 | I24: =VLOOKUP(A24,Feuil2!$1:$1048576,5,FALSE) -> 10 | J24: 0 | K24: 0 | L24: 0 | M24: =VLOOKUP(B24,Feuil3!A22:F2276,5) -> 4 | N24: =VLOOKUP(B24,Feuil3!A22:F2276,4) -> 1
A25: 1040200 | B25: 3269031166209 | C25: Neuf - Neuf | D25: 100 | E25: =VLOOKUP(A25,Feuil2!$1:$1048576,3,FALSE) -> 999.9900 | F25: 19.6 | G25: 0 | H25: =VLOOKUP(A25,Feuil2!$1:$1048576,4,FALSE) -> 5 | I25: =VLOOKUP(A25,Feuil2!$1:$1048576,5,FALSE) -> 10 | J25: 0 | K25: 0 | L25: 0 | M25: =VLOOKUP(B25,Feuil3!A23:F2277,5) -> 4 | N25: =VLOOKUP(B25,Feuil3!A23:F2277,4) -> 1
A26: 1322CO6T | B26: 3480940168294 | C26: Neuf - Neuf | D26: 100 | E26: =VLOOKUP(A26,Feuil2!$1:$1048576,3,FALSE) -> 199.9900 | F26: 19.6 | G26: 0 | H26: =VLOOKUP(A26,Feuil2!$1:$1048576,4,FALSE) -> 15 | I26: =VLOOKUP(A26,Feuil2!$1:$1048576,5,FALSE) -> 20 | J26: 0 | K26: 0 | L26: 0 | M26: =VLOOKUP(B26,Feuil3!A24:F2278,5) -> 4 | N26: =VLOOKUP(B26,Feuil3!A24:F2278,4) -> 1
A27: 1322L141 | B27: 3480940167822 | C27: Neuf - Neuf | D27: 100 | E27: 259.99 | F27: 19.6 | G27: 0 | H27: =VLOOKUP(A27,Feuil2!$1:$1048576,4,FALSE) -> 15 | I27: =VLOOKUP(A27,Feuil2!$1:$1048576,5,FALSE) -> 20 | J27: 0 | K27: 0 | L27: 0 | M27: =VLOOKUP(B27,Feuil3!A25:F2279,5) -> 4 | N27: =VLOOKUP(B27,Feuil3!A25:F2279,4) -> 1
A28: 1322RANG | B28: 3480940172895 | C28: Neuf - Neuf | D28: 100 | E28: =VLOOKUP(A28,Feuil2!$1:$1048576,3,FALSE) -> 379.9900 | F28: 19.6 | G28: 0 | H28: =VLOOKUP(A28,Feuil2!$1:$1048576,4,FALSE) -> 15 | I28: =VLOOKUP(A28,Feuil2!$1:$1048576,5,FALSE) -> 20 | J28: 0 | K28: 0 | L28: 0 | M28: =VLOOKUP(B28,Feuil3!A26:F2280,5) -> 4 | N28: =VLOOKUP(B28,Feuil3!A26:F2280,4) -> 1
A29: 1323CHE1 | B29: 3480940192275 | C29: Neuf - Neuf | D29: 100 | E29: =VLOOKUP(A29,Feuil2!$1:$1048576,3,FALSE) -> 129.9900 | F29: 19.6 | G29: 0 | H29: =VLOOKUP(A29,Feuil2!$1:$1048576,4,FALSE) -> 15 | I29: =VLOOKUP(A29,Feuil2!$1:$1048576,5,FALSE) -> 20 | J29: 0 | K29: 0 | L29: 0 | M29: =VLOOKUP(B29,Feuil3!A27:F2281,5) -> 4 | N29: =VLOOKUP(B29,Feuil3!A27:F2281,4) -> 1
A30: 1323COM1 | B30: 3480940192244 | C30: Neuf - Neuf | D30: 100 | E30: =VLOOKUP(A30,Feuil2!$1:$1048576,3,FALSE) -> 229.9900 | F30: 19.6 | G30: 0 | H30: =VLOOKUP(A30,Feuil2!$1:$1048576,4,FALSE) -> 15 | I30: =VLOOKUP(A30,Feuil2!$1:$1048576,5,FALSE) -> 20 | J30: 0 | K30: 0 | L30: 0 | M30: =VLOOKUP(B30,Feuil3!A28:F2282,5) -> 4 | N30: =VLOOKUP(B30,Feuil3!A28:F2282,4) -> 1
A31: 1323ENV3 | B31: 3480940192299 | C31: Neuf - Neuf | D31: 100 | E31: =VLOOKUP(A31,Feuil2!$1:$1048576,3,FALSE) -> 279.9900 | F31: 19.6 | G31: 0 | H31: =VLOOKUP(A31,Feuil2!$1:$1048576,4,FALSE) -> 15 | I31: =VLOOKUP(A31,Feuil2!$1:$1048576,5,FALSE) -> 20 | J31: 0 | K31: 0 | L31: 0 | M31: =VLOOKUP(B31,Feuil3!A29:F2283,5) -> 4 | N31: =VLOOKUP(B31,Feuil3!A29:F2283,4) -> 1
A32: 1323L141 | B32: 3480940192374 | C32: Neuf - Neuf | D32: 100 | E32: =VLOOKUP(A32,Feuil2!$1:$1048576,3,FALSE) -> 349.9900 | F32: 19.6 | G32: 0 | H32: =VLOOKUP(A32,Feuil2!$1:$1048576,4,FALSE) -> 15 | I32: =VLOOKUP(A32,Feuil2!$1:$1048576,5,FALSE) -> 20 | J32: 0 | K32: 0 | L32: 0 | M32: =VLOOKUP(B32,Feuil3!A30:F2284,5) -> 4 | N32: =VLOOKUP(B32,Feuil3!A30:F2284,4) -> 1
A33: 1323L261 | B33: 3480940192428 | C33: Neuf - Neuf | D33: 100 | E33: =VLOOKUP(A33,Feuil2!$1:$1048576,3,FALSE) -> 369.9900 | F33: 19.6 | G33: 0 | H33: =VLOOKUP(A33,Feuil2!$1:$1048576,4,FALSE) -> 15 | I33: =VLOOKUP(A33,Feuil2!$1:$1048576,5,FALSE) -> 20 | J33: 0 | K33: 0 | L33: 0 | M33: =VLOOKUP(B33,Feuil3!A31:F2285,5) -> 4 | N33: =VLOOKUP(B33,Feuil3!A31:F2285,4) -> 1
A34: 1323RAN1 | B34: 3480940192213 | C34: Neuf - Neuf | D34: 100 | E34: =VLOOKUP(A34,Feuil2!$1:$1048576,3,FALSE) -> 579.9900 | F34: 19.6 | G34: 0 | H34: =VLOOKUP(A34,Feuil2!$1:$1048576,4,FALSE) -> 15 | I34: =VLOOKUP(A34,Feuil2!$1:$1048576,5,FALSE) -> 20 | J34: 0 | K34: 0 | L34: 0 | M34: =VLOOKUP(B34,Feuil3!A32:F2286,5) -> 4 | N34: =VLOOKUP(B34,Feuil3!A32:F2286,4) -> 1
A35: 137226 | B35: 3397701372268 | C35: Neuf - Neuf | D35: 100 | E35: =VLOOKUP(A35,Feuil2!$1:$1048576,3,FALSE) -> 109.9900 | F35: 19.6 | G35: 0 | H35: =VLOOKUP(A35,Feuil2!$1:$1048576,4,FALSE) -> 15 | I35: =VLOOKUP(A35,Feuil2!$1:$1048576,5,FALSE) -> 20 | J35: 0 | K35: 0 | L35: 0 | M35: =VLOOKUP(B35,Feuil3!A33:F2287,5) -> 4 | N35: =VLOOKUP(B35,Feuil3!A33:F2287,4) -> 1
A36: 137228 | B36: 3397701372282 | C36: Neuf - Neuf | D36: 100 | E36: =VLOOKUP(A36,Feuil2!$1:$1048576,3,FALSE) -> 109.9900 | F36: 19.6 | G36: 0 | H36: =VLOOKUP(A36,Feuil2!$1:$1048576,4,FALSE) -> 15 | I36: =VLOOKUP(A36,Feuil2!$1:$1048576,5,FALSE) -> 20 | J36: 0 | K36: 0 | L36: 0 | M36: =VLOOKUP(B36,Feuil3!A34:F2288,5) -> 4 | N36: =VLOOKUP(B36,Feuil3!A34:F2288,4) -> 1
A37: 2004COMB | B37: 3480940186489 | C37: Neuf - Neuf | D37: 100 | E37: =VLOOKUP(A37,Feuil2!$1:$1048576,3,FALSE) -> 499.9900 | F37: 19.6 | G37: 0 | H37: =VLOOKUP(A37,Feuil2!$1:$1048576,4,FALSE) -> 15 | I37: =VLOOKUP(A37,Feuil2!$1:$1048576,5,FALSE) -> 20 | J37: 0 | K37: 0 | L37: 0 | M37: =VLOOKUP(B37,Feuil3!A35:F2289,5) -> 4 | N37: =VLOOKUP(B37,Feuil3!A35:F2289,4) -> 1
A38: 2028L24T | B38: 3480940184881 | C38: Neuf - Neuf | D38: 100 | E38: =VLOOKUP(A38,Feuil2!$1:$1048576,3,FALSE) -> 144.9900 | F38: 19.6 | G38: 0 | H38: =VLOOKUP(A38,Feuil2!$1:$1048576,4,FALSE) -> 15 | I38: =VLOOKUP(A38,Feuil2!$1:$1048576,5,FALSE) -> 20 | J38: 0 | K38: 0 | L38: 0 | M38: =VLOOKUP(B38,Feuil3!A36:F2290,5) -> 4 | N38: =VLOOKUP(B38,Feuil3!A36:F2290,4) -> 1
A39: 2609974 | B39: 3700603904534 | C39: Neuf - Neuf | D39: 100 | E39: =VLOOKUP(A39,Feuil2!$1:$1048576,3,FALSE) -> 429.9900 | F39: 19.6 | G39: 0 | H39: =VLOOKUP(A39,Feuil2!$1:$1048576,4,FALSE) -> 5 | I39: =VLOOKUP(A39,Feuil2!$1:$1048576,5,FALSE) -> 10 | J39: 0 | K39: 0 | L39: 0 | M39: =VLOOKUP(B39,Feuil3!A37:F2291,5) -> 4 | N39: =VLOOKUP(B39,Feuil3!A37:F2291,4) -> 1
A40: 20900260 | B40: 4010340292603 | C40: Neuf - Neuf | D40: 100 | E40: =VLOOKUP(A40,Feuil2!$1:$1048576,3,FALSE) -> 269.9900 | F40: 19.6 | G40: 0 | H40: =VLOOKUP(A40,Feuil2!$1:$1048576,4,FALSE) -> 5 | I40: =VLOOKUP(A40,Feuil2!$1:$1048576,5,FALSE) -> 10 | J40: 0 | K40: 0 | L40: 0 | M40: =VLOOKUP(B40,Feuil3!A38:F2292,5) -> 4 | N40: =VLOOKUP(B40,Feuil3!A38:F2292,4) -> 1
A41: 20900750 | B41: 4010340297509 | C41: Neuf - Neuf | D41: 100 | E41: =VLOOKUP(A41,Feuil2!$1:$1048576,3,FALSE) -> 189.9900 | F41: 19.6 | G41: 0 | H41: =VLOOKUP(A41,Feuil2!$1:$1048576,4,FALSE) -> 5 | I41: =VLOOKUP(A41,Feuil2!$1:$1048576,5,FALSE) -> 10 | J41: 0 | K41: 0 | L41: 0 | M41: =VLOOKUP(B41,Feuil3!A39:F2293,5) -> 4 | N41: =VLOOKUP(B41,Feuil3!A39:F2293,4) -> 1
A42: 20900825 | B42: 4010340298254 | C42: Neuf - Neuf | D42: 100 | E42: =VLOOKUP(A42,Feuil2!$1:$1048576,3,FALSE) -> 134.9900 | F42: 19.6 | G42: 0 | H42: =VLOOKUP(A42,Feuil2!$1:$1048576,4,FALSE) -> 5 | I42: =VLOOKUP(A42,Feuil2!$1:$1048576,5,FALSE) -> 10 | J42: 0 | K42: 0 | L42: 0 | M42: =VLOOKUP(B42,Feuil3!A40:F2294,5) -> 4 | N42: =VLOOKUP(B42,Feuil3!A40:F2294,4) -> 1
A43: 2102CHEV | B43: 3480940185062 | C43: Neuf - Neuf | D43: 100 | E43: =VLOOKUP(A43,Feuil2!$1:$1048576,3,FALSE) -> 89.9900 | F43: 19.6 | G43: 0 | H43: =VLOOKUP(A43,Feuil2!$1:$1048576,4,FALSE) -> 15 | I43: =VLOOKUP(A43,Feuil2!$1:$1048576,5,FALSE) -> 20 | J43: 0 | K43: 0 | L43: 0 | M43: =VLOOKUP(B43,Feuil3!A41:F2295,5) -> 4 | N43: =VLOOKUP(B43,Feuil3!A41:F2295,4) -> 1
A44: 2102CO3T | B44: 3480940185079 | C44: Neuf - Neuf | D44: 100 | E44: =VLOOKUP(A44,Feuil2!$1:$1048576,3,FALSE) -> 159.9900 | F44: 19.6 | G44: 0 | H44: =VLOOKUP(A44,Feuil2!$1:$1048576,4,FALSE) -> 15 | I44: =VLOOKUP(A44,Feuil2!$1:$1048576,5,FALSE) -> 20 | J44: 0 | K44: 0 | L44: 0 | M44: =VLOOKUP(B44,Feuil3!A42:F2296,5) -> 4 | N44: =VLOOKUP(B44,Feuil3!A42:F2296,4) -> 1
A45: 2102L290 | B45: 3480940185086 | C45: Neuf - Neuf | D45: 100 | E45: =VLOOKUP(A45,Feuil2!$1:$1048576,3,FALSE) -> 189.9900 | F45: 19.6 | G45: 0 | H45: =VLOOKUP(A45,Feuil2!$1:$1048576,4,FALSE) -> 15 | I45: =VLOOKUP(A45,Feuil2!$1:$1048576,5,FALSE) -> 20 | J45: 0 | K45: 0 | L45: 0 | M45: =VLOOKUP(B45,Feuil3!A43:F2297,5) -> 4 | N45: =VLOOKUP(B45,Feuil3!A43:F2297,4) -> 1
A46: 2102RANG | B46: 3480940188100 | C46: Neuf - Neuf | D46: 100 | E46: =VLOOKUP(A46,Feuil2!$1:$1048576,3,FALSE) -> 439.9900 | F46: 19.6 | G46: 0 | H46: =VLOOKUP(A46,Feuil2!$1:$1048576,4,FALSE) -> 15 | I46: =VLOOKUP(A46,Feuil2!$1:$1048576,5,FALSE) -> 20 | J46: 0 | K46: 0 | L46: 0 | M46: =VLOOKUP(B46,Feuil3!A44:F2298,5) -> 4 | N46: =VLOOKUP(B46,Feuil3!A44:F2298,4) -> 1
A47: 2103268 | B47: 3700603905029 | C47: Neuf - Neuf | D47: 100 | E47: =VLOOKUP(A47,Feuil2!$1:$1048576,3,FALSE) -> 339.9900 | F47: 19.6 | G47: 0 | H47: =VLOOKUP(A47,Feuil2!$1:$1048576,4,FALSE) -> 5 | I47: =VLOOKUP(A47,Feuil2!$1:$1048576,5,FALSE) -> 10 | J47: 0 | K47: 0 | L47: 0 | M47: =VLOOKUP(B47,Feuil3!A45:F2299,5) -> 4 | N47: =VLOOKUP(B47,Feuil3!A45:F2299,4) -> 1
A48: 2103269 | B48: 3700603905036 | C48: Neuf - Neuf | D48: 100 | E48: =VLOOKUP(A48,Feuil2!$1:$1048576,3,FALSE) -> 419.9900 | F48: 19.6 | G48: 0 | H48: =VLOOKUP(A48,Feuil2!$1:$1048576,4,FALSE) -> 5 | I48: =VLOOKUP(A48,Feuil2!$1:$1048576,5,FALSE) -> 10 | J48: 0 | K48: 0 | L48: 0 | M48: =VLOOKUP(B48,Feuil3!A46:F2300,5) -> 4 | N48: =VLOOKUP(B48,Feuil3!A46:F2300,4) -> 1
A49: 2103270 | B49: 3700603905043 | C49: Neuf - Neuf | D49: 100 | E49: =VLOOKUP(A49,Feuil2!$1:$1048576,3,FALSE) -> 459.9900 | F49: 19.6 | G49: 0 | H49: =VLOOKUP(A49,Feuil2!$1:$1048576,4,FALSE) -> 5 | I49: =VLOOKUP(A49,Feuil2!$1:$1048576,5,FALSE) -> 10 | J49: 0 | K49: 0 | L49: 0 | M49: =VLOOKUP(B49,Feuil3!A47:F2301,5) -> 4 | N49: =VLOOKUP(B49,Feuil3!A47:F2301,4) -> 1
A50: 2103271 | B50: 3700603905050 | C50: Neuf - Neuf | D50: 100 | E50: =VLOOKUP(A50,Feuil2!$1:$1048576,3,FALSE) -> 569.9900 | F50: 19.6 | G50: 0 | H50: =VLOOKUP(A50,Feuil2!$1:$1048576,4,FALSE) -> 5 | I50: =VLOOKUP(A50,Feuil2!$1:$1048576,5,FALSE) -> 10 | J50: 0 | K50: 0 | L50: 0 | M50: =VLOOKUP(B50,Feuil3!A48:F2302,5) -> 4 | N50: =VLOOKUP(B50,Feuil3!A48:F2302,4) -> 1
A51: 2103272 | B51: 3700603905067 | C51: Neuf - Neuf | D51: 100 | E51: =VLOOKUP(A51,Feuil2!$1:$1048576,3,FALSE) -> 599.9900 | F51: 19.6 | G51: 0 | H51: =VLOOKUP(A51,Feuil2!$1:$1048576,4,FALSE) -> 15 | I51: =VLOOKUP(A51,Feuil2!$1:$1048576,5,FALSE) -> 20 | J51: 0 | K51: 0 | L51: 0 | M51: =VLOOKUP(B51,Feuil3!A49:F2303,5) -> 4 | N51: =VLOOKUP(B51,Feuil3!A49:F2303,4) -> 1
A52: 2103273 | B52: 3700603905081 | C52: Neuf - Neuf | D52: 100 | E52: =VLOOKUP(A52,Feuil2!$1:$1048576,3,FALSE) -> 399.9900 | F52: 19.6 | G52: 0 | H52: =VLOOKUP(A52,Feuil2!$1:$1048576,4,FALSE) -> 5 | I52: =VLOOKUP(A52,Feuil2!$1:$1048576,5,FALSE) -> 10 | J52: 0 | K52: 0 | L52: 0 | M52: =VLOOKUP(B52,Feuil3!A50:F2304,5) -> 4 | N52: =VLOOKUP(B52,Feuil3!A50:F2304,4) -> 1
A53: 2103274 | B53: 3700603905098 | C53: Neuf - Neuf | D53: 100 | E53: =VLOOKUP(A53,Feuil2!$1:$1048576,3,FALSE) -> 499.9900 | F53: 19.6 | G53: 0 | H53: =VLOOKUP(A53,Feuil2!$1:$1048576,4,FALSE) -> 5 | I53: =VLOOKUP(A53,Feuil2!$1:$1048576,5,FALSE) -> 10 | J53: 0 | K53: 0 | L53: 0 | M53: =VLOOKUP(B53,Feuil3!A51:F2305,5) -> 4 | N53: =VLOOKUP(B53,Feuil3!A51:F2305,4) -> 1
A54: 2103275 | B54: 3700603905104 | C54: Neuf - Neuf | D54: 100 | E54: =VLOOKUP(A54,Feuil2!$1:$1048576,3,FALSE) -> 559.9900 | F54: 19.6 | G54: 0 | H54: =VLOOKUP(A54,Feuil2!$1:$1048576,4,FALSE) -> 5 | I54: =VLOOKUP(A54,Feuil2!$1:$1048576,5,FALSE) -> 10 | J54: 0 | K54: 0 | L54: 0 | M54: =VLOOKUP(B54,Feuil3!A52:F2306,5) -> 4 | N54: =VLOOKUP(B54,Feuil3!A52:F2306,4) -> 1
A55: 2103276 | B55: 3700603905111 | C55: Neuf - Neuf | D55: 100 | E55: =VLOOKUP(A55,Feuil2!$1:$1048576,3,FALSE) -> 669.9900 | F55: 19.6 | G55: 0 | H55: =VLOOKUP(A55,Feuil2!$1:$1048576,4,FALSE) -> 5 | I55: =VLOOKUP(A55,Feuil2!$1:$1048576,5,FALSE) -> 10 | J55: 0 | K55: 0 | L55: 0 | M55: =VLOOKUP(B55,Feuil3!A53:F2307,5) -> 4 | N55: =VLOOKUP(B55,Feuil3!A53:F2307,4) -> 1
A56: 2103277 | B56: 3700603905128 | C56: Neuf - Neuf | D56: 100 | E56: =VLOOKUP(A56,Feuil2!$1:$1048576,3,FALSE) -> 749.9900 | F56: 19.6 | G56: 0 | H56: =VLOOKUP(A56,Feuil2!$1:$1048576,4,FALSE) -> 15 | I56: =VLOOKUP(A56,Feuil2!$1:$1048576,5,FALSE) -> 20 | J56: 0 | K56: 0 | L56: 0 | M56: =VLOOKUP(B56,Feuil3!A54:F2308,5) -> 4 | N56: =VLOOKUP(B56,Feuil3!A54:F2308,4) -> 1
A57: 2103278 | B57: 3700603905142 | C57: Neuf - Neuf | D57: 100 | E57: =VLOOKUP(A57,Feuil2!$1:$1048576,3,FALSE) -> 449.9900 | F57: 19.6 | G57: 0 | H57: =VLOOKUP(A57,Feuil2!$1:$1048576,4,FALSE) -> 5 | I57: =VLOOKUP(A57,Feuil2!$1:$1048576,5,FALSE) -> 10 | J57: 0 | K57: 0 | L57: 0 | M57: =VLOOKUP(B57,Feuil3!A55:F2309,5) -> 4 | N57: =VLOOKUP(B57,Feuil3!A55:F2309,4) -> 1
A58: 2103279 | B58: 3700603905159 | C58: Neuf - Neuf | D58: 100 | E58: =VLOOKUP(A58,Feuil2!$1:$1048576,3,FALSE) -> 539.9900 | F58: 19.6 | G58: 0 | H58: =VLOOKUP(A58,Feuil2!$1:$1048576,4,FALSE) -> 5 | I58: =VLOOKUP(A58,Feuil2!$1:$1048576,5,FALSE) -> 10 | J58: 0 | K58: 0 | L58: 0 | M58: =VLOOKUP(B58,Feuil3!A56:F2310,5) -> 4 | N58: =VLOOKUP(B58,Feuil3!A56:F2310,4) -> 1
... A90: 2103364 | B90: 3700603906460 | C90: Neuf - Neuf | D90: 100 | E90: =VLOOKUP(A90,Feuil2!$1:$1048576,3,FALSE) -> 589.9900 | F90: 19.6 | G90: 0 | H90: =VLOOKUP(A90,Feuil2!$1:$1048576,4,FALSE) -> 5 | I90: =VLOOKUP(A90,Feuil2!$1:$1048576,5,FALSE) -> 10 | J90: 0 | K90: 0 | L90: 0 | M90: =VLOOKUP(B90,Feuil3!A88:F2342,5) -> 4 | N90: =VLOOKUP(B90,Feuil3!A88:F2342,4) -> 1
A91: 2144LISU | B91: 3480940181132 | C91: Neuf - Neuf | D91: 100 | E91: =VLOOKUP(A91,Feuil2!$1:$1048576,3,FALSE) -> 449.9900 | F91: 19.6 | G91: 0 | H91: =VLOOKUP(A91,Feuil2!$1:$1048576,4,FALSE) -> 15 | I91: =VLOOKUP(A91,Feuil2!$1:$1048576,5,FALSE) -> 20 | J91: 0 | K91: 0 | L91: 0 | M91: =VLOOKUP(B91,Feuil3!A89:F2343,5) -> 4 | N91: =VLOOKUP(B91,Feuil3!A89:F2343,4) -> 1
A92: 2270COMB | B92: 3480940174929 | C92: Neuf - Neuf | D92: 100 | E92: =VLOOKUP(A92,Feuil2!$1:$1048576,3,FALSE) -> 289.9900 | F92: 19.6 | G92: 0 | H92: =VLOOKUP(A92,Feuil2!$1:$1048576,4,FALSE) -> 15 | I92: =VLOOKUP(A92,Feuil2!$1:$1048576,5,FALSE) -> 20 | J92: 0 | K92: 0 | L92: 0 | M92: =VLOOKUP(B92,Feuil3!A90:F2344,5) -> 4 | N92: =VLOOKUP(B92,Feuil3!A90:F2344,4) -> 1
A93: 2283A3PT | B93: 3480940176954 | C93: Neuf - Neuf | D93: 100 | E93: =VLOOKUP(A93,Feuil2!$1:$1048576,3,FALSE) -> 399.9900 | F93: 19.6 | G93: 0 | H93: =VLOOKUP(A93,Feuil2!$1:$1048576,4,FALSE) -> 15 | I93: =VLOOKUP(A93,Feuil2!$1:$1048576,5,FALSE) -> 20 | J93: 0 | K93: 0 | L93: 0 | M93: =VLOOKUP(B93,Feuil3!A91:F2345,5) -> 4 | N93: =VLOOKUP(B93,Feuil3!A91:F2345,4) -> 1
A94: 2283ARPT | B94: 3480940176961 | C94: Neuf - Neuf | D94: 100 | E94: =VLOOKUP(A94,Feuil2!$1:$1048576,3,FALSE) -> 289.9900 | F94: 19.6 | G94: 0 | H94: =VLOOKUP(A94,Feuil2!$1:$1048576,4,FALSE) -> 15 | I94: =VLOOKUP(A94,Feuil2!$1:$1048576,5,FALSE) -> 20 | J94: 0 | K94: 0 | L94: 0 | M94: =VLOOKUP(B94,Feuil3!A92:F2346,5) -> 4 | N94: =VLOOKUP(B94,Feuil3!A92:F2346,4) -> 1
A95: 2283BURE | B95: 3480940177814 | C95: Neuf - Neuf | D95: 100 | E95: =VLOOKUP(A95,Feuil2!$1:$1048576,3,FALSE) -> 179.9900 | F95: 19.6 | G95: 0 | H95: =VLOOKUP(A95,Feuil2!$1:$1048576,4,FALSE) -> 15 | I95: =VLOOKUP(A95,Feuil2!$1:$1048576,5,FALSE) -> 20 | J95: 0 | K95: 0 | L95: 0 | M95: =VLOOKUP(B95,Feuil3!A93:F2347,5) -> 4 | N95: =VLOOKUP(B95,Feuil3!A93:F2347,4) -> 1
A96: 2297A3PT | B96: 3480940183198 | C96: Neuf - Neuf | D96: 100 | E96: =VLOOKUP(A96,Feuil2!$1:$1048576,3,FALSE) -> 359.9900 | F96: 19.6 | G96: 0 | H96: =VLOOKUP(A96,Feuil2!$1:$1048576,4,FALSE) -> 15 | I96: =VLOOKUP(A96,Feuil2!$1:$1048576,5,FALSE) -> 20 | J96: 0 | K96: 0 | L96: 0 | M96: =VLOOKUP(B96,Feuil3!A94:F2348,5) -> 4 | N96: =VLOOKUP(B96,Feuil3!A94:F2348,4) -> 1
A97: 2297AR2P | B97: 3480940183167 | C97: Neuf - Neuf | D97: 100 | E97: =VLOOKUP(A97,Feuil2!$1:$1048576,3,FALSE) -> 269.9900 | F97: 19.6 | G97: 0 | H97: =VLOOKUP(A97,Feuil2!$1:$1048576,4,FALSE) -> 15 | I97: =VLOOKUP(A97,Feuil2!$1:$1048576,5,FALSE) -> 20 | J97: 0 | K97: 0 | L97: 0 | M97: =VLOOKUP(B97,Feuil3!A95:F2349,5) -> 4 | N97: =VLOOKUP(B97,Feuil3!A95:F2349,4) -> 1
A98: 2297BURE | B98: 3480940183129 | C98: Neuf - Neuf | D98: 100 | E98: =VLOOKUP(A98,Feuil2!$1:$1048576,3,FALSE) -> 179.9900 | F98: 19.6 | G98: 0 | H98: =VLOOKUP(A98,Feuil2!$1:$1048576,4,FALSE) -> 15 | I98: =VLOOKUP(A98,Feuil2!$1:$1048576,5,FALSE) -> 20 | J98: 0 | K98: 0 | L98: 0 | M98: =VLOOKUP(B98,Feuil3!A96:F2350,5) -> 4 | N98: =VLOOKUP(B98,Feuil3!A96:F2350,4) -> 1
A99: 2297CHEV | B99: 3480940183112 | C99: Neuf - Neuf | D99: 100 | E99: =VLOOKUP(A99,Feuil2!$1:$1048576,3,FALSE) -> 89.9900 | F99: 19.6 | G99: 0 | H99: =VLOOKUP(A99,Feuil2!$1:$1048576,4,FALSE) -> 15 | I99: =VLOOKUP(A99,Feuil2!$1:$1048576,5,FALSE) -> 20 | J99: 0 | K99: 0 | L99: 0 | M99: =VLOOKUP(B99,Feuil3!A97:F2351,5) -> 4 | N99: =VLOOKUP(B99,Feuil3!A97:F2351,4) -> 1
A100: 2297CO3T | B100: 3480940183105 | C100: Neuf - Neuf | D100: 100 | E100: =VLOOKUP(A100,Feuil2!$1:$1048576,3,FALSE) -> 169.9900 | F100: 19.6 | G100: 0 | H100: =VLOOKUP(A100,Feuil2!$1:$1048576,4,FALSE) -> 15 | I100: =VLOOKUP(A100,Feuil2!$1:$1048576,5,FALSE) -> 20 | J100: 0 | K100: 0 | L100: 0 | M100: =VLOOKUP(B100,Feuil3!A98:F2352,5) -> 4 | N100: =VLOOKUP(B100,Feuil3!A98:F2352,4) -> 1
A101: 2297LEDS | B101: 3480940183235 | C101: Neuf - Neuf | D101: 100 | E101: =VLOOKUP(A101,Feuil2!$1:$1048576,3,FALSE) -> 119.9900 | F101: 19.6 | G101: 0 | H101: =VLOOKUP(A101,Feuil2!$1:$1048576,4,FALSE) -> 15 | I101: =VLOOKUP(A101,Feuil2!$1:$1048576,5,FALSE) -> 20 | J101: 0 | K101: 0 | L101: 0 | M101: =VLOOKUP(B101,Feuil3!A99:F2353,5) -> 4 | N101: =VLOOKUP(B101,Feuil3!A99:F2353,4) -> 1
A102: 2297LI90 | B102: 3480940183136 | C102: Neuf - Neuf | D102: 100 | E102: =VLOOKUP(A102,Feuil2!$1:$1048576,3,FALSE) -> 189.9900 | F102: 19.6 | G102: 0 | H102: =VLOOKUP(A102,Feuil2!$1:$1048576,4,FALSE) -> 15 | I102: =VLOOKUP(A102,Feuil2!$1:$1048576,5,FALSE) -> 20 | J102: 0 | K102: 0 | L102: 0 | M102: =VLOOKUP(B102,Feuil3!A100:F2354,5) -> 4 | N102: =VLOOKUP(B102,Feuil3!A100:F2354,4) -> 1
... A105: 2376LSUR | B105: 3480940175681 | C105: Neuf - Neuf | D105: 100 | E105: =VLOOKUP(A105,Feuil2!$1:$1048576,3,FALSE) -> 699.9900 | F105: 19.6 | G105: 0 | H105: =VLOOKUP(A105,Feuil2!$1:$1048576,4,FALSE) -> 15 | I105: =VLOOKUP(A105,Feuil2!$1:$1048576,5,FALSE) -> 20 | J105: 0 | K105: 0 | L105: 0 | M105: =VLOOKUP(B105,Feuil3!A103:F2357,5) -> 4 | N105: =VLOOKUP(B105,Feuil3!A103:F2357,4) -> 1
A106: 2609753 | B106: 3700603903919 | C106: Neuf - Neuf | D106: 100 | E106: =VLOOKUP(A106,Feuil2!$1:$1048576,3,FALSE) -> 299.9900 | F106: 19.6 | G106: 0 | H106: =VLOOKUP(A106,Feuil2!$1:$1048576,4,FALSE) -> 5 | I106: =VLOOKUP(A106,Feuil2!$1:$1048576,5,FALSE) -> 10 | J106: 0 | K106: 0 | L106: 0 | M106: =VLOOKUP(B106,Feuil3!A104:F2358,5) -> 4 | N106: =VLOOKUP(B106,Feuil3!A104:F2358,4) -> 1
A107: 2609754 | B107: 3700603903926 | C107: Neuf - Neuf | D107: 100 | E107: =VLOOKUP(A107,Feuil2!$1:$1048576,3,FALSE) -> 379.9900 | F107: 19.6 | G107: 0 | H107: =VLOOKUP(A107,Feuil2!$1:$1048576,4,FALSE) -> 5 | I107: =VLOOKUP(A107,Feuil2!$1:$1048576,5,FALSE) -> 10 | J107: 0 | K107: 0 | L107: 0 | M107: =VLOOKUP(B107,Feuil3!A105:F2359,5) -> 4 | N107: =VLOOKUP(B107,Feuil3!A105:F2359,4) -> 1
A108: 2609755 | B108: 3700603903933 | C108: Neuf - Neuf | D108: 100 | E108: =VLOOKUP(A108,Feuil2!$1:$1048576,3,FALSE) -> 449.9900 | F108: 19.6 | G108: 0 | H108: =VLOOKUP(A108,Feuil2!$1:$1048576,4,FALSE) -> 5 | I108: =VLOOKUP(A108,Feuil2!$1:$1048576,5,FALSE) -> 10 | J108: 0 | K108: 0 | L108: 0 | M108: =VLOOKUP(B108,Feuil3!A106:F2360,5) -> 4 | N108: =VLOOKUP(B108,Feuil3!A106:F2360,4) -> 1
A109: 2609756 | B109: 3700603903940 | C109: Neuf - Neuf | D109: 100 | E109: =VLOOKUP(A109,Feuil2!$1:$1048576,3,FALSE) -> 349.9900 | F109: 19.6 | G109: 0 | H109: =VLOOKUP(A109,Feuil2!$1:$1048576,4,FALSE) -> 5 | I109: =VLOOKUP(A109,Feuil2!$1:$1048576,5,FALSE) -> 10 | J109: 0 | K109: 0 | L109: 0 | M109: =VLOOKUP(B109,Feuil3!A107:F2361,5) -> 4 | N109: =VLOOKUP(B109,Feuil3!A107:F2361,4) -> 1
A110: 2609757 | B110: 3700603903957 | C110: Neuf - Neuf | D110: 100 | E110: =VLOOKUP(A110,Feuil2!$1:$1048576,3,FALSE) -> 439.9900 | F110: 19.6 | G110: 0 | H110: =VLOOKUP(A110,Feuil2!$1:$1048576,4,FALSE) -> 5 | I110: =VLOOKUP(A110,Feuil2!$1:$1048576,5,FALSE) -> 10 | J110: 0 | K110: 0 | L110: 0 | M110: =VLOOKUP(B110,Feuil3!A108:F2362,5) -> 4 | N110: =VLOOKUP(B110,Feuil3!A108:F2362,4) -> 1
A111: 2609758 | B111: 3700603903964 | C111: Neuf - Neuf | D111: 100 | E111: =VLOOKUP(A111,Feuil2!$1:$1048576,3,FALSE) -> 509.9900 | F111: 19.6 | G111: 0 | H111: =VLOOKUP(A111,Feuil2!$1:$1048576,4,FALSE) -> 5 | I111: =VLOOKUP(A111,Feuil2!$1:$1048576,5,FALSE) -> 10 | J111: 0 | K111: 0 | L111: 0 | M111: =VLOOKUP(B111,Feuil3!A109:F2363,5) -> 4 | N111: =VLOOKUP(B111,Feuil3!A109:F2363,4) -> 1
A112: 2609762 | B112: 3700603903971 | C112: Neuf - Neuf | D112: 100 | E112: =VLOOKUP(A112,Feuil2!$1:$1048576,3,FALSE) -> 289.9900 | F112: 19.6 | G112: 0 | H112: =VLOOKUP(A112,Feuil2!$1:$1048576,4,FALSE) -> 5 | I112: =VLOOKUP(A112,Feuil2!$1:$1048576,5,FALSE) -> 10 | J112: 0 | K112: 0 | L112: 0 | M112: =VLOOKUP(B112,Feuil3!A110:F2364,5) -> 4 | N112: =VLOOKUP(B112,Feuil3!A110:F2364,4) -> 1
A113: 2609763 | B113: 3700603903988 | C113: Neuf - Neuf | D113: 100 | E113: =VLOOKUP(A113,Feuil2!$1:$1048576,3,FALSE) -> 359.9900 | F113: 19.6 | G113: 0 | H113: =VLOOKUP(A113,Feuil2!$1:$1048576,4,FALSE) -> 5 | I113: =VLOOKUP(A113,Feuil2!$1:$1048576,5,FALSE) -> 10 | J113: 0 | K113: 0 | L113: 0 | M113: =VLOOKUP(B113,Feuil3!A111:F2365,5) -> 4 | N113: =VLOOKUP(B113,Feuil3!A111:F2365,4) -> 1
A114: 2609764 | B114: 3700603903995 | C114: Neuf - Neuf | D114: 100 | E114: =VLOOKUP(A114,Feuil2!$1:$1048576,3,FALSE) -> 409.9900 | F114: 19.6 | G114: 0 | H114: =VLOOKUP(A114,Feuil2!$1:$1048576,4,FALSE) -> 5 | I114: =VLOOKUP(A114,Feuil2!$1:$1048576,5,FALSE) -> 10 | J114: 0 | K114: 0 | L114: 0 | M114: =VLOOKUP(B114,Feuil3!A112:F2366,5) -> 4 | N114: =VLOOKUP(B114,Feuil3!A112:F2366,4) -> 1
A115: 2609765 | B115: 3700603904008 | C115: Neuf - Neuf | D115: 100 | E115: =VLOOKUP(A115,Feuil2!$1:$1048576,3,FALSE) -> 329.9900 | F115: 19.6 | G115: 0 | H115: =VLOOKUP(A115,Feuil2!$1:$1048576,4,FALSE) -> 5 | I115: =VLOOKUP(A115,Feuil2!$1:$1048576,5,FALSE) -> 10 | J115: 0 | K115: 0 | L115: 0 | M115: =VLOOKUP(B115,Feuil3!A113:F2367,5) -> 4 | N115: =VLOOKUP(B115,Feuil3!A113:F2367,4) -> 1
A116: 2609766 | B116: 3700603904015 | C116: Neuf - Neuf | D116: 100 | E116: =VLOOKUP(A116,Feuil2!$1:$1048576,3,FALSE) -> 399.9900 | F116: 19.6 | G116: 0 | H116: =VLOOKUP(A116,Feuil2!$1:$1048576,4,FALSE) -> 5 | I116: =VLOOKUP(A116,Feuil2!$1:$1048576,5,FALSE) -> 10 | J116: 0 | K116: 0 | L116: 0 | M116: =VLOOKUP(B116,Feuil3!A114:F2368,5) -> 4 | N116: =VLOOKUP(B116,Feuil3!A114:F2368,4) -> 1
A117: 2609767 | B117: 3700603904022 | C117: Neuf - Neuf | D117: 100 | E117: =VLOOKUP(A117,Feuil2!$1:$1048576,3,FALSE) -> 459.9900 | F117: 19.6 | G117: 0 | H117: =VLOOKUP(A117,Feuil2!$1:$1048576,4,FALSE) -> 5 | I117: =VLOOKUP(A117,Feuil2!$1:$1048576,5,FALSE) -> 10 | J117: 0 | K117: 0 | L117: 0 | M117: =VLOOKUP(B117,Feuil3!A115:F2369,5) -> 4 | N117: =VLOOKUP(B117,Feuil3!A115:F2369,4) -> 1
... A139: 2610100 | B139: 3700603905432 | C139: Neuf - Neuf | D139: 100 | E139: =VLOOKUP(A139,Feuil2!$1:$1048576,3,FALSE) -> 519.9900 | F139: 19.6 | G139: 0 | H139: =VLOOKUP(A139,Feuil2!$1:$1048576,4,FALSE) -> 15 | I139: =VLOOKUP(A139,Feuil2!$1:$1048576,5,FALSE) -> 20 | J139: 0 | K139: 0 | L139: 0 | M139: =VLOOKUP(B139,Feuil3!A137:F2391,5) -> 4 | N139: =VLOOKUP(B139,Feuil3!A137:F2391,4) -> 1
A140: 3023L140 | B140: 3480940177340 | C140: Neuf - Neuf | D140: 100 | E140: =VLOOKUP(A140,Feuil2!$1:$1048576,3,FALSE) -> 149.9900 | F140: 19.6 | G140: 0 | H140: =VLOOKUP(A140,Feuil2!$1:$1048576,4,FALSE) -> 15 | I140: =VLOOKUP(A140,Feuil2!$1:$1048576,5,FALSE) -> 20 | J140: 0 | K140: 0 | L140: 0 | M140: =VLOOKUP(B140,Feuil3!A138:F2392,5) -> 4 | N140: =VLOOKUP(B140,Feuil3!A138:F2392,4) -> 1
A141: 3023L260 | B141: 3480940189435 | C141: Neuf - Neuf | D141: 100 | E141: =VLOOKUP(A141,Feuil2!$1:$1048576,3,FALSE) -> 159.9900 | F141: 19.6 | G141: 0 | H141: =VLOOKUP(A141,Feuil2!$1:$1048576,4,FALSE) -> 15 | I141: =VLOOKUP(A141,Feuil2!$1:$1048576,5,FALSE) -> 20 | J141: 0 | K141: 0 | L141: 0 | M141: =VLOOKUP(B141,Feuil3!A139:F2393,5) -> 4 | N141: =VLOOKUP(B141,Feuil3!A139:F2393,4) -> 1
A142: 30500260 | B142: 4010340350266 | C142: Neuf - Neuf | D142: 100 | E142: =VLOOKUP(A142,Feuil2!$1:$1048576,3,FALSE) -> 244.9900 | F142: 19.6 | G142: 0 | H142: =VLOOKUP(A142,Feuil2!$1:$1048576,4,FALSE) -> 5 | I142: =VLOOKUP(A142,Feuil2!$1:$1048576,5,FALSE) -> 10 | J142: 0 | K142: 0 | L142: 0 | M142: =VLOOKUP(B142,Feuil3!A140:F2394,5) -> 4 | N142: =VLOOKUP(B142,Feuil3!A140:F2394,4) -> 1
A143: 3063L140 | B143: 3480940189398 | C143: Neuf - Neuf | D143: 100 | E143: =VLOOKUP(A143,Feuil2!$1:$1048576,3,FALSE) -> 149.9900 | F143: 19.6 | G143: 0 | H143: =VLOOKUP(A143,Feuil2!$1:$1048576,4,FALSE) -> 15 | I143: =VLOOKUP(A143,Feuil2!$1:$1048576,5,FALSE) -> 20 | J143: 0 | K143: 0 | L143: 0 | M143: =VLOOKUP(B143,Feuil3!A141:F2395,5) -> 4 | N143: =VLOOKUP(B143,Feuil3!A141:F2395,4) -> 1
A144: 3063L260 | B144: 3480940189404 | C144: Neuf - Neuf | D144: 100 | E144: =VLOOKUP(A144,Feuil2!$1:$1048576,3,FALSE) -> 159.9900 | F144: 19.6 | G144: 0 | H144: =VLOOKUP(A144,Feuil2!$1:$1048576,4,FALSE) -> 15 | I144: =VLOOKUP(A144,Feuil2!$1:$1048576,5,FALSE) -> 20 | J144: 0 | K144: 0 | L144: 0 | M144: =VLOOKUP(B144,Feuil3!A142:F2396,5) -> 4 | N144: =VLOOKUP(B144,Feuil3!A142:F2396,4) -> 1
A145: 335821 | B145: 3397703358215 | C145: Neuf - Neuf | D145: 100 | E145: =VLOOKUP(A145,Feuil2!$1:$1048576,3,FALSE) -> 369.9900 | F145: 19.6 | G145: 0 | H145: =VLOOKUP(A145,Feuil2!$1:$1048576,4,FALSE) -> 15 | I145: =VLOOKUP(A145,Feuil2!$1:$1048576,5,FALSE) -> 20 | J145: 0 | K145: 0 | L145: 0 | M145: =VLOOKUP(B145,Feuil3!A143:F2397,5) -> 4 | N145: =VLOOKUP(B145,Feuil3!A143:F2397,4) -> 1
A146: 335829 | B146: 3397703358291 | C146: Neuf - Neuf | D146: 100 | E146: =VLOOKUP(A146,Feuil2!$1:$1048576,3,FALSE) -> 299.9900 | F146: 19.6 | G146: 0 | H146: =VLOOKUP(A146,Feuil2!$1:$1048576,4,FALSE) -> 15 | I146: =VLOOKUP(A146,Feuil2!$1:$1048576,5,FALSE) -> 20 | J146: 0 | K146: 0 | L146: 0 | M146: =VLOOKUP(B146,Feuil3!A144:F2398,5) -> 4 | N146: =VLOOKUP(B146,Feuil3!A144:F2398,4) -> 1
A147: 3728AR4P | B147: 3480940169635 | C147: Neuf - Neuf | D147: 100 | E147: =VLOOKUP(A147,Feuil2!$1:$1048576,3,FALSE) -> 579.9900 | F147: 19.6 | G147: 0 | H147: =VLOOKUP(A147,Feuil2!$1:$1048576,4,FALSE) -> 15 | I147: =VLOOKUP(A147,Feuil2!$1:$1048576,5,FALSE) -> 20 | J147: 0 | K147: 0 | L147: 0 | M147: =VLOOKUP(B147,Feuil3!A145:F2399,5) -> 4 | N147: =VLOOKUP(B147,Feuil3!A145:F2399,4) -> 1
A148: 3728CO2T | B148: 3480940169697 | C148: Neuf - Neuf | D148: 100 | E148: =VLOOKUP(A148,Feuil2!$1:$1048576,3,FALSE) -> 259.9900 | F148: 19.6 | G148: 0 | H148: =VLOOKUP(A148,Feuil2!$1:$1048576,4,FALSE) -> 15 | I148: =VLOOKUP(A148,Feuil2!$1:$1048576,5,FALSE) -> 20 | J148: 0 | K148: 0 | L148: 0 | M148: =VLOOKUP(B148,Feuil3!A146:F2400,5) -> 4 | N148: =VLOOKUP(B148,Feuil3!A146:F2400,4) -> 1
A149: 3728L240 | B149: 3480940169734 | C149: Neuf - Neuf | D149: 100 | E149: =VLOOKUP(A149,Feuil2!$1:$1048576,3,FALSE) -> 299.9900 | F149: 19.6 | G149: 0 | H149: =VLOOKUP(A149,Feuil2!$1:$1048576,4,FALSE) -> 15 | I149: =VLOOKUP(A149,Feuil2!$1:$1048576,5,FALSE) -> 20 | J149: 0 | K149: 0 | L149: 0 | M149: =VLOOKUP(B149,Feuil3!A147:F2401,5) -> 4 | N149: =VLOOKUP(B149,Feuil3!A147:F2401,4) -> 1
A150: 40100800 | B150: 4010340401807 | C150: Neuf - Neuf | D150: 100 | E150: =VLOOKUP(A150,Feuil2!$1:$1048576,3,FALSE) -> 99.9900 | F150: 19.6 | G150: 0 | H150: =VLOOKUP(A150,Feuil2!$1:$1048576,4,FALSE) -> 5 | I150: =VLOOKUP(A150,Feuil2!$1:$1048576,5,FALSE) -> 10 | J150: 0 | K150: 0 | L150: 0 | M150: =VLOOKUP(B150,Feuil3!A148:F2402,5) -> 4 | N150: =VLOOKUP(B150,Feuil3!A148:F2402,4) -> 1
A151: 40100860 | B151: 4010340401869 | C151: Neuf - Neuf | D151: 100 | E151: =VLOOKUP(A151,Feuil2!$1:$1048576,3,FALSE) -> 69.9900 | F151: 19.6 | G151: 0 | H151: =VLOOKUP(A151,Feuil2!$1:$1048576,4,FALSE) -> 5 | I151: =VLOOKUP(A151,Feuil2!$1:$1048576,5,FALSE) -> 10 | J151: 0 | K151: 0 | L151: 0 | M151: =VLOOKUP(B151,Feuil3!A149:F2403,5) -> 4 | N151: =VLOOKUP(B151,Feuil3!A149:F2403,4) -> 1
A152: 461811 | B152: 3170720573256 | C152: Neuf - Neuf | D152: 100 | E152: =VLOOKUP(A152,Feuil2!$1:$1048576,3,FALSE) -> 389.9900 | F152: 19.6 | G152: 0 | H152: =VLOOKUP(A152,Feuil2!$1:$1048576,4,FALSE) -> 10 | I152: =VLOOKUP(A152,Feuil2!$1:$1048576,5,FALSE) -> 15 | J152: 0 | K152: 0 | L152: 0 | M152: =VLOOKUP(B152,Feuil3!A150:F2404,5) -> 4 | N152: =VLOOKUP(B152,Feuil3!A150:F2404,4) -> 1
A153: 461812 | B153: 3170720573263 | C153: Neuf - Neuf | D153: 100 | E153: =VLOOKUP(A153,Feuil2!$1:$1048576,3,FALSE) -> 389.9900 | F153: 19.6 | G153: 0 | H153: =VLOOKUP(A153,Feuil2!$1:$1048576,4,FALSE) -> 10 | I153: =VLOOKUP(A153,Feuil2!$1:$1048576,5,FALSE) -> 15 | J153: 0 | K153: 0 | L153: 0 | M153: =VLOOKUP(B153,Feuil3!A151:F2405,5) -> 4 | N153: =VLOOKUP(B153,Feuil3!A151:F2405,4) -> 1
A154: 461813 | B154: 3170720573270 | C154: Neuf - Neuf | D154: 100 | E154: =VLOOKUP(A154,Feuil2!$1:$1048576,3,FALSE) -> 389.9900 | F154: 19.6 | G154: 0 | H154: =VLOOKUP(A154,Feuil2!$1:$1048576,4,FALSE) -> 10 | I154: =VLOOKUP(A154,Feuil2!$1:$1048576,5,FALSE) -> 15 | J154: 0 | K154: 0 | L154: 0 | M154: =VLOOKUP(B154,Feuil3!A152:F2406,5) -> 4 | N154: =VLOOKUP(B154,Feuil3!A152:F2406,4) -> 1
A155: 461814 | B155: 3170720573287 | C155: Neuf - Neuf | D155: 100 | E155: =VLOOKUP(A155,Feuil2!$1:$1048576,3,FALSE) -> 389.9900 | F155: 19.6 | G155: 0 | H155: =VLOOKUP(A155,Feuil2!$1:$1048576,4,FALSE) -> 10 | I155: =VLOOKUP(A155,Feuil2!$1:$1048576,5,FALSE) -> 15 | J155: 0 | K155: 0 | L155: 0 | M155: =VLOOKUP(B155,Feuil3!A153:F2407,5) -> 4 | N155: =VLOOKUP(B155,Feuil3!A153:F2407,4) -> 1
...

Sheet Feuil1
A1: 5
A2: 6
A3: 7
A4: 8
A5: 9
A6: 10
A7: 11
A8: 12
A9: 13
A10: 14
A11: 15
A12: 16
... A95: 99

Sheet Feuil2
A1: SKU | B1: EAN | C1: Prix | D1: Délais min | E1: Délais max
A2: 178 | B2: 3170720548384 | C2: 159.9900 | D2: 10 | E2: 15
A3: 428 | B3: 3170720548377 | C3: 179.9900 | D3: 10 | E3: 15
A4: 2435 | B4: 3170720050931 | C4: 79.9900 | D4: 10 | E4: 15
A5: 3000 | B5: 7290103111014 | C5: 995.0000 | D5: 15 | E5: 20
A6: 3222 | B6: 3397700032224 | C6: 59.9900 | D6: 15 | E6: 20
A7: 3228 | B7: 3170720548124 | C7: 169.9900 | D7: 10 | E7: 15
A8: 3232 | B8: 3170720548346 | C8: 229.9900 | D8: 10 | E8: 15
A9: 3238 | B9: 3170720550257 | C9: 179.9900 | D9: 10 | E9: 15
A10: 3241 | B10: 3170720556174 | C10: 159.9900 | D10: 10 | E10: 15
A11: 3256 | B11: 3170720553975 | C11: 199.9900 | D11: 10 | E11: 15
A12: 3259 | B12: 3170720554002 | C12: 199.9900 | D12: 10 | E12: 15
A13: 3264 | B13: 3170720554026 | C13: 199.9900 | D13: 10 | E13: 15
... A324: 89320 | B324: 4001070893208 | C324: 59.9900 | D324: 5 | E324: 10
A325: 89455 | B325: 5028735894553Â | C325: 1299.9900 | D325: 5 | E325: 10
A326: 89456 | B326: Â Â 5028735894560 | C326: 1399.9900 | D326: 5 | E326: 10
A327: 89458 | B327: 5028735894584 | C327: 1299.9900 | D327: 5 | E327: 10
A328: 89459 | B328: Â 5028735894591 | C328: 1399.9900 | D328: 5 | E328: 10
A329: 89461 | B329: 5028735894614 | C329: 219.9900 | D329: 5 | E329: 10
A330: 89462 | B330: 5028735894621 | C330: 219.9900 | D330: 5 | E330: 10
A331: 89463 | B331: 5028735894638 | C331: 599.9900 | D331: 5 | E331: 10
A332: 89464 | B332: 5028735894645 | C332: 649.9900 | D332: 5 | E332: 10
A333: 89465 | B333: 5028735894652 | C333: 749.9900 | D333: 5 | E333: 10
A334: 89508 | B334: 5028735895253 | C334: 259.9900 | D334: 5 | E334: 10
A335: 89520 | B335: 5028735895208 | C335: 899.9900 | D335: 5 | E335: 10
A336: 89522 | B336: 5028735895222 | C336: 899.9900 | D336: 5 | E336: 10
A337: 89523 | B337: 5028735895246 | C337: 599.9900 | D337: 5 | E337: 10
A338: 89524 | B338: 5028735895239 | C338: 499.9900 | D338: 5 | E338: 10
A339: 89527 | B339: 5028735895277 | C339: 799.9900 | D339: 5 | E339: 10
A340: 89528 | B340: 5028735895284 | C340: 849.9900 | D340: 5 | E340: 10
... A937: 2610130 | B937: 3700603906057 | C937: 219.9900 | D937: 15 | E937: 20
A938: 2610131 | B938: 3700603906057X | C938: 299.9900 | D938: 15 | E938: 20
A939: 2610132 | B939: 3700603906095 | C939: 339.9900 | D939: 15 | E939: 20
A940: 2610133 | B940: 3700603906514 | C940: 379.9900 | D940: 15 | E940: 20
A941: 2610134 | B941: 3700603906118 | C941: 309.9900 | D941: 15 | E941: 20
A942: 2610135 | B942: 3700603906132 | C942: 359.9900 | D942: 15 | E942: 20
A943: 2610136 | B943: 3700603906156 | C943: 229.9900 | D943: 15 | E943: 20
A944: 2610137 | B944: 3700603906163 | C944: 339.9900 | D944: 15 | E944: 20
A945: 2610138 | B945: 3700603906231 | C945: 259.9900 | D945: 15 | E945: 20
A946: 2610139 | B946: 3700603906248 | C946: 379.9900 | D946: 15 | E946: 20
A947: 2610140 | B947: 3700603906316 | C947: 279.9900 | D947: 15 | E947: 20
A948: 2610141 | B948: 3700603906323 | C948: 419.9900 | D948: 15 | E948: 20
A949: 2610166 | B949: 3700603906637 | C949: 289.9900 | D949: 15 | E949: 20
A950: 2610167 | B950: 3700603906644 | C950: 439.9900 | D950: 15 | E950: 20
... A1125: 9299953 | B1125: 883314270730 | C1125: 87.9900 | D1125: 2 | E1125: 3
A1126: 12345678 | B1126: 12345678 | D1126: 20 | E1126: 30
A1127: 13200400 | B1127: 4010340132404 | C1127: 79.9900 | D1127: 5 | E1127: 10
A1128: 13200410 | B1128: 4010340132411 | C1128: 89.9900 | D1128: 5 | E1128: 10
A1129: 13200420 | B1129: 4010340132428 | C1129: 134.9900 | D1129: 5 | E1129: 10
A1130: 13300030 | B1130: 4010340133036 | C1130: 69.9900 | D1130: 5 | E1130: 10
A1131: 13500010 | B1131: 4010340135016 | C1131: 44.9900 | D1131: 5 | E1131: 10
A1132: 13500020 | B1132: 4010340135023 | C1132: 59.9900 | D1132: 5 | E1132: 10
A1133: 13500030 | B1133: 4010340135030 | C1133: 66.9900 | D1133: 5 | E1133: 10
A1134: 13500040 | B1134: 4010340135047 | C1134: 74.9900 | D1134: 5 | E1134: 10
A1135: 13500100 | B1135: 4010340135108 | C1135: 119.9900 | D1135: 5 | E1135: 10
A1136: 14100170 | B1136: 4010340141178 | C1136: 539.9900 | D1136: 5 | E1136: 10
A1137: 14100180 | B1137: 4010340141185 | C1137: 599.9900 | D1137: 5 | E1137: 10
A1138: 14200010 | B1138: 4010340142014 | C1138: 129.9900 | D1138: 5 | E1138: 10
... A1451: 99900480 | B1451: 4010340999489 | C1451: 89.9900 | D1451: 5 | E1451: 10
A1452: 555555555 | B1452: 555525555 | D1452: 5 | E1452: 10
A1453: 3133613081450 | B1453: G35W | C1453: 49.9900 | D1453: 5 | E1453: 10
A1454: 3480180456519 | B1454: AB800EFGSDG1 | C1454: 999.9900 | D1454: 5 | E1454: 10
A1455: 3480180456526 | B1455: AB800EFGSDOG | C1455: 999.9900 | D1455: 5 | E1455: 10
A1456: 3480180456533 | B1456: AB800EFGSDON | C1456: 999.9900 | D1456: 5 | E1456: 10
A1457: 3480180456557 | B1457: AB800EFGSDOR | C1457: 999.9900 | D1457: 5 | E1457: 10
A1458: 3480180456571 | B1458: AB800EFDSDG1 | C1458: 999.9900 | D1458: 5 | E1458: 10
A1459: 3480180456588 | B1459: AB800EFDSDOG | C1459: 999.9900 | D1459: 5 | E1459: 10
A1460: 3480180456595 | B1460: AB800EFDSDOR | C1460: 999.9900 | D1460: 5 | E1460: 10
A1461: 3480180456601 | B1461: AB800EFDSDON | C1461: 999.9900 | D1461: 5 | E1461: 10
A1462: 3480180456649 | B1462: AB800MFDSDG1 | C1462: 689.9900 | D1462: 5 | E1462: 10
A1463: 3480180456656 | B1463: AB800MFGSDG1 | C1463: 689.9900 | D1463: 5 | E1463: 10
A1464: 3480180456663 | B1464: AB800MFGSDOG | C1464: 689.9900 | D1464: 5 | E1464: 10
... A1499: 3610970003979 | B1499: AA150F03MG2G | C1499: 449.9900 | D1499: 5 | E1499: 10
A1500: 3760174441340 | B1500: 3760174441340 | C1500: 799.9900 | D1500: 15 | E1500: 20
A1501: 3760174441623 | B1501: 3760174441623 | C1501: 899.9900 | D1501: 15 | E1501: 20
A1502: 12300000000000 | B1502: 3760174449810 | C1502: 679.9900 | D1502: 20 | E1502: 30
A1503: 12400000000000 | B1503: 3760174449827 | C1503: 679.9900 | D1503: 20 | E1503: 30
A1504: 2.81e+15 | B1504: 3700603908006 | C1504: 369.9900 | D1504: 15 | E1504: 20
A1505: 2.82e+15 | B1505: 3700603907993 | C1505: 499.9900 | D1505: 15 | E1505: 20
A1506: 2.83e+15 | B1506: 3700603907986 | C1506: 549.9900 | D1506: 15 | E1506: 20
A1507: 1.102e+16 | B1507: 3700603903827 | C1507: 469.9900 | D1507: 20 | E1507: 30
A1508: 1.1022e+16 | B1508: 3700603908426 | C1508: 549.9900 | D1508: 15 | E1508: 20
A1509: 1.103e+16 | B1509: 3700603903322 | C1509: 499.9900 | D1509: 20 | E1509: 30
A1510: 1.1032e+16 | B1510: 3700603908419 | C1510: 599.9900 | D1510: 15 | E1510: 20
A1511: 1.104e+16 | B1511: 3700603903339 | C1511: 219.9900 | D1511: 20 | E1511: 30
... A1545: 6.853e+71 | B1545: 3700603908242 | C1545: 479.9900 | D1545: 20 | E1545: 30
A1546: 0170ARGE | B1546: 3480940176251 | C1546: 529.9900 | D1546: 15 | E1546: 20
A1547: 0170BATV | B1547: 3480940164616 | C1547: 289.9900 | D1547: 15 | E1547: 20
A1548: 0170ENFI | B1548: 3480940164654 | C1548: 429.9900 | D1548: 15 | E1548: 20
A1549: 0170TARE | B1549: 3480940164623 | C1549: 379.9900 | D1549: 15 | E1549: 20
A1550: 0171ARGE | B1550: 3480940177180 | C1550: 529.9900 | D1550: 15 | E1550: 20
A1551: 0171BATV | B1551: 3480940165934 | C1551: 289.9900 | D1551: 15 | E1551: 20
A1552: 0171ENFI | B1552: 3480940165941 | C1552: 429.9900 | D1552: 15 | E1552: 20
A1553: 0171TARE | B1553: 3480940165972 | C1553: 379.9900 | D1553: 15 | E1553: 20
A1554: 0173CHA1 | B1554: 3480940179078 | C1554: 54.9900 | D1554: 15 | E1554: 20
A1555: 0180BATV | B1555: 3480940174233 | C1555: 299.9900 | D1555: 15 | E1555: 20
A1556: 0180ENFI | B1556: 3480940174240 | C1556: 319.9900 | D1556: 15 | E1556: 20
A1557: 0180TACA | B1557: 3480940173489 | C1557: 319.9900 | D1557: 15 | E1557: 20
... A1837: 35-902015 | B1837: 3700265902015 | C1837: 229.9900 | D1837: 5 | E1837: 10
A1838: 360555 + 360523 | B1838: 3661853605551 + 3661853605230 | C1838: 799.9900 | D1838: 15 | E1838: 20
...

Sheet Feuil3
A1: SKU | B1: Délais | C1: Prix | D1: Statut | E1: visibilité | F1: EAN
A2: 3760174441340 | B2: 15 Ã 20 jours | C2: 799.9900 | D2: 1 | E2: 4 | F2: 3760174441340
A3: 2.83e+15 | B3: 15 Ã 20 jours | C3: 549.9900 | D3: 1 | E3: 4 | F3: 3700603907986
A4: 613861E30146 | B4: 15 Ã 20 jours | C4: 789.9900 | D4: 1 | E4: 4 | F4: 3760174440718
A5: A421160200 | B5: 5 Ã 10 jours | C5: 459.9900 | D5: 1 | E5: 4 | F5: 3133613073752
A6: 3760174441623 | B6: 15 Ã 20 jours | C6: 899.9900 | D6: 1 | E6: 4 | F6: 3760174441623
A7: solide140 | B7: 5 Ã 10 jours | C7: 169.9900 | D7: 1 | E7: 4 | F7: 5413181986295
A8: 895711E1738 | B8: 15 Ã 20 jours | C8: 899.9900 | D8: 1 | E8: 4 | F8: 3760174441630
A9: 895710E1741 | B9: 15 Ã 20 jours | C9: 899.9900 | D9: 1 | E9: 4 | F9: 3760174441654
A10: DATTROUGE | B10: 15 Ã 20 jours | C10: 999.9900 | D10: 1 | E10: 4 | F10: 1234567898765
A11: EMPI.601.19.00 | B11: 5 Ã 10 jours | C11: 1199.9900 | D11: 1 | E11: 4 | F11: 3700590414115
A12: luxaflex+visco ocÃ©an | B12: 15 Ã 20 jours | C12: 1279.9900 | D12: 1 | E12: 4 | F12: 5413181698068
A13: CLEV.500.12.19 | C13: 39.9900 | D13: 1 | E13: 4 | F13: 3700590401375
A14: FRIE.250.38.70 | B14: 5 Ã 10 jours | C14: 359.9900 | D14: 1 | E14: 4 | F14: 3700590401139
A15: COMB.210.19.00 | B15: 5 Ã 10 jours | C15: 289.9900 | D15: 1 | E15: 4 | F15: 3700590411336
A16: FRED.039.12.00 | B16: 5 Ã 10 jours | C16: 279.9900 | D16: 1 | E16: 4 | F16: 3700395802094
A17: Crocus140 | B17: 5 Ã 10 jours | C17: 169.9900 | D17: 1 | E17: 4 | F17: 5413181571453
A18: Viscoprotect180 | B18: 15 Ã 20 jours | C18: 249.9900 | D18: 1 | E18: 4 | F18: 5413181981368
A19: SANF.511.11.00 | B19: 5 Ã 10 jours | C19: 439.9900 | D19: 1 | E19: 4 | F19: 3760151442063
A20: GROO.630.20.00 | B20: 5 Ã 10 jours | C20: 54.9900 | D20: 1 | E20: 4 | F20: 3700590414733
A21: LEA2.244.15.19 | B21: 5 Ã 10 jours | C21: 124.9900 | D21: 1 | E21: 4 | F21: 3700590416270
A22: BOHS8007 | B22: 5 Ã 10 jours | C22: 949.9900 | D22: 1 | E22: 4 | F22: 3700746700017
A23: 772001217-3-2 | B23: 5 Ã 10 jours | C23: 890.0000 | D23: 1 | E23: 4 | F23: 772001217-3-2
A24: 50100115 | B24: 5 Ã 10 jours | C24: 179.9900 | D24: 1 | E24: 4 | F24: 4010340511155
A25: BENDIGO140NOIR | B25: 5 Ã 10 jours | C25: 599.9900 | D25: 2 | E25: 4 | F25: BENDIGO140NOIR
A26: 361436 | B26: 15 Ã 20 jours | C26: 769.9900 | D26: 1 | E26: 4 | F26: 3661853614362
A27: A9184 | B27: 5 Ã 10 jours | C27: 399.9900 | D27: 1 | E27: 4 | F27: A9184
A28: AZIMUTNOIR | B28: 15 Ã 20 jours | C28: 1999.9900 | D28: 1 | E28: 4 | F28: AZIMUTNOIR
A29: 99869 | B29: 15 Ã 20 jours | C29: 549.9900 | D29: 2 | E29: 4 | F29: 3397700998698
A30: 170344 | B30: 15 Ã 20 jours | C30: 359.9900 | D30: 1 | E30: 4 | F30: 3397701703444
A31: 2.83e+21 | B31: 15 Ã 20 jours | C31: 549.9900 | D31: 1 | E31: 4 | F31: 3700603907955
A32: 2.83e+70 | B32: 15 Ã 20 jours | C32: 549.9900 | D32: 1 | E32: 4 | F32: 3700603908013
A33: 28300E011/017 | B33: 15 Ã 20 jours | C33: 549.9900 | D33: 1 | E33: 4 | F33: 3700603908044
A34: 28200E011/017 | B34: 15 Ã 20 jours | C34: 499.9900 | D34: 1 | E34: 4 | F34: 3700603908051
A35: 2.82e+70 | B35: 15 Ã 20 jours | C35: 499.9900 | D35: 1 | E35: 4 | F35: 3700603908020
A36: 2.82e+15 | B36: 15 Ã 20 jours | C36: 499.9900 | D36: 1 | E36: 4 | F36: 3700603907993
A37: 2.82e+21 | B37: 15 Ã 20 jours | C37: 499.9900 | D37: 1 | E37: 4 | F37: 3700603907962
A38: 613860E30146 | B38: 15 Ã 20 jours | C38: 789.9900 | D38: 1 | E38: 4 | F38: 3760174440725
A39: 613860E2594 | B39: 15 Ã 20 jours | C39: 789.9900 | D39: 1 | E39: 4 | F39: 3760174441432
A40: 613861E2594 | B40: 15 Ã 20 jours | C40: 789.9900 | D40: 1 | E40: 4 | F40: 3760174441449
A41: 613861E2556 | B41: 15 Ã 20 jours | C41: 789.9900 | D41: 1 | E41: 4 | F41: 3760174441395
A42: 895711E1741 | B42: 15 Ã 20 jours | C42: 899.9900 | D42: 1 | E42: 4 | F42: 3760174441661
A43: 613860E2556 | B43: 15 Ã 20 jours | C43: 789.9900 | D43: 1 | E43: 4 | F43: 3760174441388
A44: 903E066/B3 | B44: 15 Ã 20 jours | C44: 549.9900 | D44: 1 | E44: 4 | F44: 3700603907719
A45: 902E066/B3 | B45: 15 Ã 20 jours | C45: 499.9900 | D45: 1 | E45: 4 | F45: 3700603907726
A46: 901E066/B3 | B46: 15 Ã 20 jours | C46: 369.9900 | D46: 1 | E46: 4 | F46: 3700603907740
A47: 110320E2556/2316 | B47: 15 Ã 20 jours | C47: 599.9900 | D47: 1 | E47: 4 | F47: 3700603908112
A48: 110320E2594 | B48: 15 Ã 20 jours | C48: 599.9900 | D48: 1 | E48: 4 | F48: 3760174441074
A49: 110320E30146 | B49: 15 Ã 20 jours | C49: 599.9900 | D49: 1 | E49: 4 | F49: 3760174441609
A50: 1.1032e+16 | B50: 15 Ã 20 jours | C50: 599.9900 | D50: 1 | E50: 4 | F50: 3700603908419
A51: 110320E017/M21 | B51: 15 Ã 20 jours | C51: 599.9900 | D51: 1 | E51: 4 | F51: 3700603908143
A52: 89463 | B52: 5 Ã 10 jours | C52: 599.9900 | D52: 1 | E52: 4 | F52: 5028735894638
A53: 89464 | B53: 5 Ã 10 jours | C53: 649.9900 | D53: 1 | E53: 4 | F53: 5028735894645
A54: 89465 | B54: 5 Ã 10 jours | C54: 749.9900 | D54: 1 | E54: 4 | F54: 5028735894652
A55: 89461 | B55: 5 Ã 10 jours | C55: 219.9900 | D55: 1 | E55: 4 | F55: 5028735894614
A56: 89462 | B56: 5 Ã 10 jours | C56: 219.9900 | D56: 1 | E56: 4 | F56: 5028735894621
A57: 89459 | B57: 5 Ã 10 jours | C57: 1399.9900 | D57: 1 | E57: 4 | F57: Â 5028735894591
A58: 89456 | B58: 5 Ã 10 jours | C58: 1399.9900 | D58: 1 | E58: 4 | F58: Â Â 5028735894560
A59: 89455 | B59: 5 Ã 10 jours | C59: 1299.9900 | D59: 1 | E59: 4 | F59: 5028735894553Â
A60: 89458 | B60: 5 Ã 10 jours | C60: 1299.9900 | D60: 1 | E60: 4 | F60: 5028735894584
A61: 89508 | B61: 5 Ã 10 jours | C61: 259.9900 | D61: 1 | E61: 4 | F61: 5028735895253
A62: 89592 | B62: 5 Ã 10 jours | C62: 369.9900 | D62: 1 | E62: 4 | F62: 5028735895925
A63: 89593 | B63: 5 Ã 10 jours | C63: 409.9900 | D63: 1 | E63: 4 | F63: 5028735895932
A64: 89539 | B64: 5 Ã 10 jours | C64: 499.9900 | D64: 1 | E64: 4 | F64: 5028735895390
A65: 89722 | B65: 5 Ã 10 jours | C65: 149.9900 | D65: 1 | E65: 4 | F65: 5028735897226
A66: 89720 | B66: 5 Ã 10 jours | C66: 229.9900 | D66: 1 | E66: 4 | F66: 5028735897202
A67: 89721 | B67: 5 Ã 10 jours | C67: 279.9900 | D67: 1 | E67: 4 | F67: 5028735897219
A68: 89594 | B68: 5 Ã 10 jours | C68: 499.9900 | D68: 1 | E68: 4 | F68: 5028735895949
A69: 89595 | B69: 5 Ã 10 jours | C69: 599.9900 | D69: 1 | E69: 4 | F69: 5028735895956
A70: 89612 | B70: 5 Ã 10 jours | C70: 639.9900 | D70: 1 | E70: 4 | F70: 5028735896120
A71: 89613 | B71: 5 Ã 10 jours | C71: 729.9900 | D71: 1 | E71: 4 | F71: 5028735896137
... A126: 369355 | B126: 15 Ã 20 jours | C126: 229.9900 | D126: 1 | E126: 4 | F126: 3661853693558
A127: D230 | B127: 5 Ã 10 jours | C127: 419.9900 | D127: 1 | E127: 4 | F127: D230
A128: B77 | B128: 5 Ã 10 jours | C128: 519.9900 | D128: 1 | E128: 4 | F128: B77
A129: A9185 | B129: 5 Ã 10 jours | C129: 499.9900 | D129: 1 | E129: 4 | F129: A9185
A130: D284 | B130: 5 Ã 10 jours | C130: 479.9900 | D130: 1 | E130: 4 | F130: D284
A131: A9183 | B131: 5 Ã 10 jours | C131: 429.9900 | D131: 1 | E131: 4 | F131: A9183
A132: A4111 | B132: 5 Ã 10 jours | C132: 439.9900 | D132: 1 | E132: 4 | F132: A4111
A133: T12580 | B133: 5 Ã 10 jours | C133: 469.9900 | D133: 1 | E133: 4 | F133: T12580
A134: T12859 | B134: 5 Ã 10 jours | C134: 439.9900 | D134: 1 | E134: 4 | F134: T12859
A135: T12581 | B135: 5 Ã 10 jours | C135: 429.9900 | D135: 1 | E135: 4 | F135: T12581
A136: T12739 | B136: 5 Ã 10 jours | C136: 459.9900 | D136: 1 | E136: 4 | F136: T12739
A137: T12583 | B137: 5 Ã 10 jours | C137: 479.9900 | D137: 1 | E137: 4 | F137: T12583
A138: T12582 | B138: 5 Ã 10 jours | C138: 479.9900 | D138: 1 | E138: 4 | F138: T12582
... A140: B12768 | B140: 5 Ã 10 jours | C140: 449.9900 | D140: 1 | E140: 4 | F140: B12768
A141: luxaflex + visco ocÃ©an | B141: 15 Ã 20 jours | C141: 1219.9900 | D141: 1 | E141: 4 | F141: 5413181325063
A142: CROCUS90 | B142: 5 Ã 10 jours | C142: 89.9900 | D142: 1 | E142: 4 | F142: 5413181572108
A143: CROCUS160 | B143: 5 Ã 10 jours | C143: 189.9900 | D143: 1 | E143: 4 | F143: 5413181990438
A144: Vitaline90 | B144: 5 Ã 10 jours | C144: 149.9900 | D144: 1 | E144: 4 | F144: 5413181990230
A145: Lupine140 | B145: 5 Ã 10 jours | C145: 199.9900 | D145: 1 | E145: 4 | F145: 5413181969328
A146: Lupine160 | B146: 5 Ã 10 jours | C146: 239.9900 | D146: 1 | E146: 4 | F146: 5413181969311
A147: Lupine90 | B147: 5 Ã 10 jours | C147: 119.9900 | D147: 1 | E147: 4 | F147: 5413181969342
A148: Vitaline140 | B148: 5 Ã 10 jours | C148: 239.9900 | D148: 1 | E148: 4 | F148: 5413181990223
A149: Vitaline160 | B149: 5 Ã 10 jours | C149: 289.9900 | D149: 1 | E149: 4 | F149: 5413181986271
A150: Duchessedeluxe90 | B150: 5 Ã 10 jours | C150: 129.9900 | D150: 1 | E150: 4 | F150: 5413181999868
A151: Duchessedeluxe140 | B151: 5 Ã 10 jours | C151: 229.9900 | D151: 1 | E151: 4 | F151: 5413181983416
A152: Duchessedeluxe160/200 | B152: 5 Ã 10 jours | C152: 269.9900 | D152: 1 | E152: 4 | F152: 5413181983393
... A286: EnsembleTPRMitch+Toscane2x80/200 | B286: 15 Ã 20 jours | C286: 899.9900 | D286: 1 | E286: 4 | F286: 5413181996584
A287: COMO2GRIS | B287: 15 Ã 20 jours | C287: 799.9900 | D287: 1 | E287: 4 | F287: COMO2GRIS
A288: COMO3GRIS | B288: 15 Ã 20 jours | C288: 999.9900 | D288: 1 | E288: 4 | F288: COMO3GRIS
...
